AoeStats
← OM | Kerry Copyto

African Clearing

510459014Analyzed
4v4 RM · 1d ago on Oct 1, 2026· 53m 46s· 8 players
Game mode
Random Map
Map size
Large (8 player)
Population
200
Speed
Normal
Resources
Standard
Victory
Conquest
Starting age
Dark Age
Ending age
Imperial Age
RankedLock teamsTeams togetherTeam positionsShared explorationLock speedFull tech treeHidden civsTurbo modeCheats
Victory
Defeat
🇨🇳 Slavs · China
1453
+14
🇨🇳 Armenians · China
1372
+17
🇺🇸 Mongols · United States
1365
+18
🇨🇳 Danes · China
1281
+20
🇲🇽 Berbers · Mexico
1460
-20
🇲🇽 Vietnamese · Mexico
1420
-18
🇨🇴 Khmer · Colombia
1371
-16
🇲🇽 Mongols · Mexico
1342
-15
DUDA
11:32 Feudal Age
12:21 Double-Bit Axe
13:12 Loom
15:03 Scale Barding Armor
17:02 Bloodlines
20:46 Forging
24:57 Castle Age
23:44 Gold Mining
26:26 Bow Saw
26:27 Husbandry
26:11 Light Cavalry
27:48 Chain Barding Armor
30:49 Iron Casting
34:02 Wheelbarrow
35:57 Hand Cart
37:21 Stone Mining
38:06 Gold Shaft Mining
39:24 Stone Shaft Mining
41:02 Town Watch
45:47 Imperial Age
46:32 Cavalier
46:44 Onager
48:58 Siege Onager
50:48 Drill
Xrouma
10:31 Loom
13:20 Feudal Age
17:59 Castle Age
15:46 Double-Bit Axe
20:29 Scale Barding Armor
21:38 Bloodlines
22:55 Bow Saw
24:55 Wheelbarrow
27:06 Chain Barding Armor
26:58 Forging
28:51 Horse Collar
30:51 Gold Mining
31:44 Hand Cart
33:16 Husbandry
34:10 Iron Casting
34:50 Stone Mining
41:56 Imperial Age
41:59 Cavalier
43:16 Plate Barding Armor
43:42 Blast Furnace
42:04 Elite Boyar
43:06 Conscription
43:58 Two-Man Saw
42:59 Heavy Plow
45:36 Pikeman
46:17 Squires
46:18 Scale Mail Armor
46:28 Halberdier
48:07 Chain Mail Armor
48:19 Detinets
48:23 Druzhina
50:32 Plate Mail Armor
52:33 Detinets
52:22 Capped Ram
Hakka
3:44 Loom
14:14 Feudal Age
14:27 Man-at-Arms
15:06 Town Watch
15:09 Double-Bit Axe
15:49 Scale Mail Armor
16:00 Forging
15:43 Long Swordsman
16:57 Arson
18:55 Horse Collar
26:01 Wheelbarrow
29:03 Stone Mining
29:04 Gold Mining
31:58 Castle Age
33:17 Bow Saw
33:11 Heavy Plow
34:16 Two-Handed Swordsman
34:42 Gambesons
37:03 Gold Shaft Mining
36:45 Hand Cart
36:52 Squires
39:16 Fletching
43:52 Imperial Age
42:32 Bodkin Arrow
42:38 Padded Archer Armor
42:55 Chain Mail Armor
43:16 Iron Casting
44:42 Fereters
43:59 Elite Composite Bowman
45:47 Plate Mail Armor
45:18 Bracer
44:50 Capped Ram
46:18 Leather Archer Armor
46:09 Champion
48:02 Blast Furnace
49:25 Ring Archer Armor
50:02 Conscription
49:39 Siege Ram
51:56 Chemistry
Fairy22
5:41 Loom
13:45 Feudal Age
14:19 Double-Bit Axe
14:09 Man-at-Arms
15:47 Arson
18:32 Forging
22:14 Horse Collar
24:54 Castle Age
23:20 Scale Mail Armor
24:33 Fletching
27:17 Bow Saw
27:08 Bodkin Arrow
27:50 Chain Mail Armor
27:25 Gambesons
40:33 Imperial Age
38:15 Gold Mining
38:34 Heavy Plow
39:50 Wheelbarrow
39:26 Squires
42:31 Chemistry
42:16 Gold Shaft Mining
41:07 Capped Ram
42:48 Siege Ram
44:23 Ballistics
44:55 Hand Cart
46:37 Siege Engineers
47:04 Plate Mail Armor
46:38 Hamask
48:09 Town Watch
48:47 Ballistics
48:37 Masonry
49:04 Iron Casting
49:20 Conscription
50:08 Onager
52:09 Blast Furnace
51:07 Murder Holes
51:36 Conscription
OM | Romeo D. Sins
2:46 Loom
11:35 Feudal Age
12:24 Double-Bit Axe
14:47 Forging
16:08 Wheelbarrow
16:07 Gold Mining
16:11 Horse Collar
18:25 Bloodlines
19:31 Town Watch
23:24 Castle Age
24:11 Husbandry
24:17 Scale Barding Armor
24:48 Iron Casting
23:42 Light Cavalry
25:44 Bow Saw
35:56 Heavy Plow
36:32 Chain Barding Armor
39:14 Hand Cart
41:51 Imperial Age
41:15 Town Patrol
43:32 Blast Furnace
43:07 Plate Barding Armor
41:55 Heavy Camel Rider
42:48 Maghrebi Camels
43:09 Conscription
43:31 Hoardings
44:05 Crop Rotation
44:44 Chemistry
44:05 Ballistics
44:09 Siege Engineers
45:54 Gold Shaft Mining
45:13 Stone Mining
46:00 Hussar
46:52 Treadmill Crane
47:23 Masonry
48:25 Stone Shaft Mining
48:50 Fletching
49:00 Padded Archer Armor
48:25 Elite Camel Archer
49:25 Bodkin Arrow
50:03 Leather Archer Armor
50:12 Bracer
50:10 Murder Holes
51:23 Ring Archer Armor
OM | Kerry Copyto
3:52 Loom
11:53 Feudal Age
12:45 Double-Bit Axe
16:47 Fletching
21:07 Padded Archer Armor
28:45 Castle Age
28:48 Crossbowman
32:18 Leather Archer Armor
40:00 Bodkin Arrow
40:30 Ballistics
41:00 Town Watch
41:28 Horse Collar
43:30 Thumb Ring
54:01 Imperial Age
OM | Massiosare
5:58 Loom
11:55 Feudal Age
17:31 Fletching
27:32 Castle Age
26:08 Padded Archer Armor
26:40 Stone Mining
30:32 Crossbowman
41:00 Ballistics
OM | ingjuanpalencia
12:44 Feudal Age
13:58 Loom
17:13 Forging
17:59 Double-Bit Axe
19:59 Scale Barding Armor
20:40 Horse Collar
23:20 Bloodlines
25:31 Wheelbarrow
28:57 Castle Age
28:32 Gold Mining
29:36 Heavy Plow
29:49 Bow Saw
29:07 Light Cavalry
30:32 Iron Casting
46:05 Hand Cart
48:09 Gold Shaft Mining
47:25 Stone Mining
52:27 Imperial Age
50:36 Husbandry
53:14 Ballistics
52:32 Heavy Scorpion
Connection lost

Rejoining the realm…

Still unreachable

The connection could not be restored.

Session expired

The server has moved on; the page needs a fresh start.